 Dungeon Crawl Stone Soup version 0.21.1-1-g345015f (webtiles) character file.

51 Goblin1989 the Chopper (level 3, 0/29 HPs)
             Began as a Demonspawn Monk on Feb 5, 2018.
             Hit by a goblin thrown by Robin (1 damage)
             ... on level 2 of the Dungeon.
             The game lasted 00:04:28 (1648 turns).

Goblin1989 the Chopper (Demonspawn Monk)            Turns: 1648, Time: 00:04:29

Health: 0/29       AC:  3    Str: 12    XL:     3   Next: 57%
Magic:  3/3        EV: 13    Int: 11    God:
Gold:   94         SH:  0    Dex: 15    Spells: 2/2 levels left

rFire    + . .     SeeInvis .   a - +0 hand axe
rCold    . . .     Gourm    .   (no shield)
rNeg     . . .     Faith    .   b - +0 robe
rPois    .         Spirit   .   (no helmet)
rElec    .         Reflect  .   (no cloak)
rCorr    .         Harm     .   (no gloves)
MR       .....                  (no boots)
Stlth    ++........             (no amulet)
HPRegen  0.09/turn              (no ring)
MPRegen  0.08/turn              (no ring)

@: no status effects
A: claws 2, fire resistance 1, shaggy fur 1
a: no special abilities


You were on level 2 of the Dungeon.
You were hungry.

You visited 1 branch of the dungeon, and saw 2 of its levels.

You collected 94 gold pieces.

Inventory:

Hand Weapons
 a - a +0 hand axe (weapon)
Armour
 b - a +0 robe (worn)
 n - a +0 pair of boots
Scrolls
 g - a scroll of enchant armour {unknown}
 i - a scroll of amnesia {unknown}
 l - a scroll of remove curse {unknown}
 m - a scroll of fog {unknown}
 p - a scroll of teleportation {unknown}
Comestibles
 e - 3 rations


   Skills:
 - Level 3.0 Fighting
 - Level 3.2 Axes
 - Level 2.6 Dodging
 - Level 1.7 Stealth
 + Level 2.3 Unarmed Combat


You had 2 spell levels left.
You didn't know any spells.

Dungeon Overview and Level Annotations

Branches:
Dungeon (2/15)

Altars:

Annotations:
D:2 Jessica, Robin


Innate Abilities, Weirdness & Mutations

You have very sharp fingernails.
Your flesh is heat resistant. (rF+)
You are covered in fur. (AC +1)


Message History

You barely miss the hobgoblin.
The hobgoblin is heavily wounded.
You hit the goblin.
You kill the goblin!
The hobgoblin barely misses you.
Unknown command.
You hit the hobgoblin.
The hobgoblin is almost dead.
The hobgoblin hits you with a club.
You take 3 damage, and have 19/29 hp.
Unknown command.
You barely miss the hobgoblin.
The hobgoblin is almost dead.
The hobgoblin misses you.
Unknown command.
You hit the hobgoblin but do no damage.
The hobgoblin is almost dead.
The hobgoblin closely misses you.
Unknown command.
You closely miss the hobgoblin.
The hobgoblin is almost dead.
The hobgoblin closely misses you.
Unknown command.
You hit the hobgoblin.
You kill the hobgoblin!
Unknown command.
You barely miss the hobgoblin. The hobgoblin barely misses you.
The hobgoblin hits you with a club!
* * * LOW HITPOINT WARNING * * *
A goblin comes into view.
You barely miss the hobgoblin. The hobgoblin hits you with a club.
* * * LOW HITPOINT WARNING * * *
Unknown command.
Unknown command.
Unknown command.
You take 13 damage, and have 6/29 hp.
MASSIVE DAMAGE!!
Unknown command.
It was a potion of mutation.
You feel extremely strange.
You feel resistant to heat. Fur sprouts all over your body.
Unknown command.
You closely miss the hobgoblin.
The goblin no longer looks unusually strong.
Robin throws the goblin at you!
* * * LOW HITPOINT WARNING * * *
The hobgoblin hits you but does no damage.
The goblin misses you.
Robin roars a battlecry!
The goblin goes into a battle-frenzy!
You hit the hobgoblin.
You kill the hobgoblin!
You hit the goblin.
You kill the goblin!
Unknown command.
Unknown command.
You barely miss Robin. Robin hits you with a falchion.
* * * LOW HITPOINT WARNING * * *
You take 3 damage, and have 3/29 hp.
Unknown command.
You barely miss Robin. Robin closely misses you.
Unknown command.
You hit Robin but do no damage. Robin barely misses you.
Unknown command.
You hit Robin but do no damage. Robin barely misses you.
Unknown command.
You closely miss Robin. Robin barely misses you.
Unknown command.
You closely miss Robin. Robin closely misses you.
Unknown command.
You closely miss Robin. Robin misses you.
Unknown command.
You hit Robin but do no damage.
Robin roars a battlecry!
The goblin goes into a battle-frenzy!
You hear a shout!
You hear an angry hiss.
You hear a shout!
A goblin comes into view.
Unknown command.
You hit Robin.
Robin is moderately wounded.
Robin barely misses you.
Unknown command.
You hit Robin but do no damage.
Robin is moderately wounded.
You are feeling hungry.
Robin throws the goblin at you!
* * * LOW HITPOINT WARNING * * *
The goblin closely misses you.
A frilled lizard and a goblin come into view.
You take 3 damage, and have 1/29 hp.
The frilled lizard unfolds its giant frill.
Robin roars a battlecry!
The goblin goes into a battle-frenzy!
The goblin moves out of view.
The goblin hits you but does no damage.
Robin roars a battlecry!
The hobgoblin goes into a battle-frenzy!
The goblin barely misses you.
A hobgoblin comes into view.
The frilled lizard barely misses you.
Found an escape hatch in the floor.
Robin throws the goblin at you!
You die... ███!█ █.█ █...█ █.. █g███ ████ ██)██

█.g.█ █...█
████g..████
█.....l...█...
█.....@.....█
█.....g...█.>.
████...████
█...█ █...█


█████ You could see Robin, a hobgoblin, 2 goblins and a frilled lizard.

Vanquished Creatures
  A dart slug (D:1)
  3 giant cockroaches (D:1)
  12 goblins
  5 hobgoblins
  2 jackals (D:1)
  4 bats (D:1)
  3 frilled lizards (D:1)
  6 kobolds
  8 rats (D:1)
44 creatures vanquished.

Vanquished Creatures (others)
  A hobgoblin (D:2)
1 creature vanquished.

Grand Total: 45 creatures vanquished

Notes
Turn   | Place    | Note
-------+----------+-------------------------------------------
     0 | D:1      | Goblin1989 the Demonspawn Monk began the quest for the Orb.
     0 | D:1      | Reached XP level 1. HP: 18/18 MP: 1/1
   193 | D:1      | Gained mutation: You have sharp fingernails. [demonic ancestry]
   193 | D:1      | Reached XP level 2. HP: 21/24 MP: 2/2
   392 | D:1      | Reached skill level 1 in Unarmed Combat
   930 | D:1      | Gained mutation: You have very sharp fingernails. [demonic ancestry]
   930 | D:1      | Reached XP level 3. HP: 19/29 MP: 3/3
  1504 | D:2      | Noticed Robin
  1544 | D:2      | Noticed Jessica
  1631 | D:2      | Gained mutation: Your flesh is heat resistant. (rF+) [potion of mutation]
  1631 | D:2      | Gained mutation: You are covered in fur. (AC +1) [potion of mutation]
  1643 | D:2      | HP: 1/29 [Robin/goblin (3)]
  1648 | D:2      | Hit by a goblin thrown by Robin

Skill      XL: |  1  2  3 |
---------------+----------+-----
Axes           | 3 |  3.2
Unarmed Combat | 1 2 |  2.3
Fighting       | |  3.0
Dodging        | |  2.6
Stealth        | |  1.7

Action                   || total
-------------------------++-------
Melee: Hand axe          ||   138
  Use: Potion            ||     1
 Stab: Sleeping          ||     3
  Eat: Chunk             ||     2
Armor: Robe              ||    30
Dodge: Dodged            ||    99

Vault maps used:
D:1:      dpeg_arrival_ratfight, minmay_misc_feat_nine_boxes
D:2:      fiery_altar_vehumet, chequers_ecumenical_altar_simple, tso_altar,
          uniq_crazy_yiuf_cottage, uniq_jessica, uniq_sigmund, uniq_robin
